 Dungeon Crawl Stone Soup version 0.29.1-12-g30fa7ad0bf (webtiles) character file.

Game seed: 9245732458314869344

506 croobank the Trooper (level 6, -4/49 HPs)
             Began as a Demonspawn Wanderer on Jan 3, 2023.
             Shot with an arrow by a centaur (14 damage)
             ... on level 5 of the Dungeon.
             The game lasted 00:12:47 (4381 turns).

croobank the Trooper (Demonspawn Wanderer)          Turns: 4381, Time: 00:12:48

Health: -4/49      AC:  8    Str: 14    XL:     6   Next: 97%
Magic:  9/9        EV: 12    Int: 11    God:
Gold:   241        SH:  5    Dex: 15    Spells: 9/9 levels left

rFire   . . .      SeeInvis +   a - +3 dagger
rCold   . . .      Faith    .   c - +0 buckler
rNeg    . . .      Spirit   .   e - +0 leather armour
rPois   +          Reflect  .   v - +1 hat "Uwafaray" {rPois}
rElec   .          Harm     .   q - +0 cloak
rCorr   .          Rampage  .   C - +0 pair of gloves
Will    .....                   (no boots)
Stlth   +.........              (no amulet)
HPRegen 0.16/turn               w - ring of see invisible
MPRegen 0.11/turn               (no ring)

@: no status effects
A: horns 2, icy blue scales 1
a: no special abilities


You were on level 5 of the Dungeon.
You visited 1 branch of the dungeon, and saw 5 of its levels.

You collected 241 gold pieces.

Inventory:

Hand Weapons
 a - a +3 dagger (weapon)
 g - a +0 whip
 m - a +0 hand axe
 D - a +0 war axe
Missiles
 b - a curare-tipped dart (quivered)
 y - 6 poisoned darts
Armour
 c - a +0 buckler (worn)
 e - a +0 leather armour (worn)
 q - a +0 cloak (worn)
 v - the +1 hat "Uwafaray" (worn) {rPois}
   (You found it on level 3 of the Dungeon)

   rPois:     It protects you from poison.
 C - a +0 pair of gloves (worn)
Magical Staves
 F - a staff of cold
Jewellery
 w - a ring of see invisible (left hand)
Wands
 r - a wand of polymorph (3)
 E - a wand of flame (6)
 G - a wand of paralysis (5)
Scrolls
 f - 6 scrolls of teleportation
 h - 6 scrolls of identify
 o - a scroll of vulnerability {unknown}
 s - a scroll of immolation {unknown}
 x - a scroll of magic mapping {unknown}
 z - a scroll of enchant weapon {unknown}
 A - a scroll of amnesia {unknown}
 B - a scroll of torment {unknown}
Potions
 i - a potion of lignification
 j - a potion of degeneration
 k - a potion of might
 l - 2 potions of haste {unknown}
 n - a potion of attraction {unknown}
 p - 2 potions of magic {unknown}
 t - a potion of invisibility {unknown}
 u - a potion of berserk rage {unknown}


   Skills:
 + Level 4.5 Fighting
 - Level 3.6 Throwing
 + Level 3.1 Armour
 + Level 2.7 Dodging
 + Level 3.5 Shields
 + Level 2.0 Spellcasting


You had 9 spell levels left.
You didn't know any spells.
Your spell library contained the following spells:

 Spells                   Type           Power      Damage    Failure   Level
 Sandblast                Erth           2%         2d4       43%         1
 Ensorcelled Hibernation  Hex/Ice        2%         N/A       56%         2
 Passwall                 Tmut/Erth      0%         N/A       56%         2
 Gell's Gravitas          Tloc           1%         N/A       80%         3
 Lesser Beckoning         Tloc           1%         N/A       80%         3
 Stone Arrow              Conj/Erth      2%         3d7       80%         3
 Swiftness                Air            1%         N/A       80%         3
 Teleport Other           Tloc           1%         N/A       80%         3
 Animate Armour           Summ/Erth      2%         N/A       99%         4
 Lehudib's Crystal Spear  Conj/Erth      0%         10d2      100%        8


Dungeon Overview and Level Annotations

Branches:
Dungeon (5/15)
 Temple: D:4-7

Altars:
Nemelex Xobeh
Uskayaw

Shops:
D:5 :

Annotations:
D:3 2 runed translucent doors, Crazy Yiuf; xzight's ghost, novice GnFi
D:5 1 runed translucent door, Rilik's ghost, novice NaVM


Innate Abilities, Weirdness & Mutations

You have a pair of horns on your head.
You are partially covered in icy blue scales. (AC +2)


Message History

The ice beast is lightly wounded.
The ice beast hits you but does no damage.
You barely miss the ice beast.
The ice beast is lightly wounded.
The ice beast barely misses you.
You hit the ice beast.
The ice beast is moderately wounded.
The ice beast hits you. The ice beast freezes you!
You closely miss the ice beast.
The ice beast is moderately wounded.
The ice beast hits you. The ice beast freezes you!
* * * LOW HITPOINT WARNING * * *
Okay, then.
Throw: 2 darts (curare)
Press: ? - help, Q - select action, (/) - cycle Shift-Dir - straight line, f/p - ice beast
Aim: an ice beast (moderately wounded, 62% to hit)
You throw a curare-tipped dart.
The curare-tipped dart hits the ice beast.
The ice beast is moderately wounded.
The ice beast hits you but does no damage.
Okay, then.
Blink to where?
Press: ? - help, Dir - move target, p - ice beast
As you read the scroll of blinking, it crumbles to dust.
The centaur wields a +0 shortbow.
The centaur shoots an arrow.
The arrow hits you but does no damage.
Okay, then.
As you read the scroll labelled MEESYU MONUNO, it crumbles to dust.
It is a scroll of identify.
i - a potion of lignification
As you read the scroll of identify, it crumbles to dust.
j - a potion of degeneration
As you read the scroll of identify, it crumbles to dust.
k - a potion of might
Found 6 gold pieces.
The centaur shoots an arrow.
The arrow hits you.
* * * LOW HITPOINT WARNING * * *
The centaur shoots an arrow.
You block the arrow.
The centaur shoots an arrow.
The arrow hits you!
You die...

##..# #.<># #..# ###...## #..#
#....... #..######### ##
#....... #..........### .
..........
#.########...####.#########...##
#.# ##......$#..... .....>..
#.######...c......###.# ########
#............Y.@......#
#.######.......######## #.#
##.....## ##.# ##...## ...#
##.## ##.### #####.#
.c...###.....## ..........#...
..##...#..#.#


You could see an ice beast and a centaur.

Vanquished Creatures
  An ogre (D:5)
  A phantom (D:5)
  A scorpion (D:5)
  A hound (D:5)
  A jelly (D:5)
  Jessica (D:3)
  2 iguanas
  An orc wizard (D:3)
  5 adders
  A white imp (D:5)
  A worm (D:4)
  2 dart slugs
  7 orcs
  5 endoplasms
  4 giant cockroaches
  4 hobgoblins
  2 jackals (D:4)
  4 quokkas (D:1)
  7 ball pythons
  5 bats
  3 frilled lizards
  7 goblins
  5 kobolds
  3 rats
74 creatures vanquished.

Vanquished Creatures (others)
  3 plants (D:4)
3 creatures vanquished.

Grand Total: 77 creatures vanquished

Notes
Turn   | Place    | Note
-------+----------+-------------------------------------------
     0 | D:1      | croobank the Demonspawn Wanderer began the quest for the
                  | Orb.
     0 | D:1      | croobank set off with the following items: a +3 dagger, 3
                  | curare-tipped darts, a +0 buckler, a scroll of blinking, a
                  | +0 leather armour.
     0 | D:1      | Reached XP level 1. HP: 18/18 MP: 1/1
   358 | D:1      | Gained mutation: You are partially covered in icy blue
                  | scales. (AC +2) [demonic ancestry]
   358 | D:1      | Reached XP level 2. HP: 20/24 MP: 2/2
  1064 | D:2      | Reached XP level 3. HP: 29/29 MP: 3/3
  1078 | D:2      | Found a faded altar of an unknown god.
  1088 | D:2      | Reached skill level 1 in Dodging
  1914 | D:3      | Noticed Jessica
  1925 | D:3      | Killed Jessica
  1926 | D:3      | Gained mutation: You have a pair of small horns on your
                  | head. [demonic ancestry]
  1926 | D:3      | Reached XP level 4. HP: 25/36 MP: 4/4
  2067 | D:3      | Found a runed translucent door.
  2072 | D:3      | Noticed xzight's ghost (novice GnFi)
  2135 | D:3      | Identified the +1 hat "Uwafaray" {rPois}
  2447 | D:3      | Found a runed translucent door.
  2448 | D:3      | Noticed Crazy Yiuf
  2849 | D:4      | Gained mutation: You have a pair of horns on your head.
                  | [demonic ancestry]
  2849 | D:4      | Reached XP level 5. HP: 22/42 MP: 5/5
  2996 | D:4      | Found a hide-covered altar of Uskayaw.
  2996 | D:4      | Found a sparkling altar of Nemelex Xobeh.
  3350 | D:4      | Reached skill level 4 in Fighting
  3723 | D:4      | Reached skill level 1 in Spellcasting
  3922 | D:5      | Entered Level 5 of the Dungeon
  4072 | D:5      | Found Canguf's Self-Improvement Boutique.
  4106 | D:5      | Found a runed translucent door.
  4108 | D:5      | Noticed Rilik's ghost (novice NaVM)
  4197 | D:5      | Noticed an ogre
  4205 | D:5      | Killed an ogre
  4206 | D:5      | Reached XP level 6. HP: 48/48 MP: 6/8
  4342 | D:5      | Noticed an ice beast
  4381 | D:5      | Shot with an arrow by a centaur

Illustrated notes

Levels and vault maps discovered:
D:1:      ncdulo_watergridlock, layout_loops_ring, serial_bayou_ford_a
D:2:      layout_loops_ring, hellmonk_ecumenical_altar_crossroads
D:3:      layout_rooms, ebering_ghost_sewer_d, uniq_jessica,
          uniq_crazy_yiuf_cottage
D:4:      minmay_evil_eye, layout_basic, mainiacjoe_overflow_large_starburst,
          guppyfry_early_lair_pool
D:5:      minmay_thinvault, layout_loops_ring, hellmonk_ghost_happy_afterlife,
          nicolae_shop_self_help

Skill      XL: |  1  2  3  4  5  6 |
---------------+-------------------+-----
Shields        | 2 3 |  3.5
Dodging        | 1 2 |  2.7
Armour         | 2 3 |  3.1
Fighting       | 4 |  4.5
Spellcasting   | 1 2 |  2.0
Throwing       | |  3.6

Action                   |  1- 3 |  4- 6 || total
-------------------------+-------+-------++-------
Melee: Dagger            |   112 |   142 ||   254
       Unarmed           |     1 |     5 ||     6
       Headbutt          |       |    27 ||    27
Throw: Dart              |       |     2 ||     2
Evoke: Wand              |       |    14 ||    14
  Use: Scroll            |       |     5 ||     5
 Stab: Sleeping          |     1 |     1 ||     2
       Paralysed         |       |     5 ||     5
Armor: Leather armour    |    39 |    43 ||    82
       Skin              |       |     1 ||     1
Dodge: Dodged            |    70 |    60 ||   130
Block: Buckler           |    16 |    34 ||    50
